[Event "Slovakia Open 2022"]
[Site "Bratislava"]
[Date "2022.10.02"]
[Round "9.11"]
[White "Novosadova, Kristyna"]
[Black "Rosol, Philip"]
[Result "1/2-1/2"]
[ECO "B48"]
[WhiteElo "2151"]
[BlackElo "1885"]
[Annotator "TA"]
[PlyCount "145"]
[EventDate "2022.09.30"]
[EventCountry "SVK"]
[SourceTitle "playchess.com"]
[Source "ChessBase"]
[SourceQuality "1"]
[TimeControl "2700+10"]

1. e4 c5 2. Nf3 e6 3. d4 cxd4 4. Nxd4 Nc6 5. Nc3 Qc7 6. Be3 a6 7. Qf3 {[%emt 0:00:22] B48: Sicilian: Taimanov: 5 Nc3 Qc7 6 Be3 a6 without Be2.} Nf6 8. O-O-O Be7 (8... Nxd4 $11 9. Bxd4 e5) 9. Qg3 {[%emt 0:03:22] White is more active.} ({White should try} 9. Kb1 $14) 9... Qxg3 $15 10. hxg3 Ng4 11. Nxc6 bxc6 {[%emt 0:05:23] [#]} 12. Re1 $146 (12. Bd4 $11) ({Predecessor:} 12. Bb6 Rb8 13. Ba7 Rb7 14. Be2 Rxa7 15. Bxg4 d6 16. Rh5 g6 17. Ra5 Bd8 18. Ra4 {0-1 (51) Fawzy,A (2431)-Sanchez,S (2424) Batumi 2018}) 12... Nxe3 13. Rxe3 Bc5 (13... d5 $5 14. Re1 Bb7 $15) 14. Re2 Bd4 15. Na4 d5 16. c3 Ba7 17. e5 c5 18. c4 Bb7 19. Nc3 O-O-O 20. f4 h6 ({Don't play} 20... dxc4 21. Ne4 $14) 21. Rd2 (21. cxd5 $11 exd5 22. b3) 21... Kc7 (21... d4 $5 22. Na4 Kd7 $17) 22. Bd3 dxc4 23. Be4 Rxd2 24. Kxd2 Rd8+ 25. Kc2 Rd4 26. Re1 Bb8 27. Re3 Bxe4+ 28. Nxe4 $17 {[%emt 0:00:16][%mdl 4096] Endgame KRB-KRN} Kc6 {[%emt 0:00:05] Inhibits Nd6.} 29. Nd2 Bc7 30. Nf3 Rd8 31. Re4 Kd5 32. Re1 ({Better is} 32. Nd2 $15) 32... Ba5 33. Re3 Kc6 34. g4 g6 35. g5 {[%emt 0:02:41] [#]} (35. Kc1 $17) 35... hxg5 (35... h5 $1 $19 36. Ra3 Kb6) 36. fxg5 {[%emt 0:00:02] [#]} Rd5 (36... Rh8 $1 $17 37. Re2 Rh1) 37. Re4 $15 Bc7 38. Kc3 Kb5 39. a4+ Kxa4 {[%emt 0:00:15] ...Kb5 is the strong threat.} 40. Kxc4 Ka5 41. b3 Kb6 42. Rf4 Rd7 ({Of course not} 42... Bxe5 $6 43. Rxf7 Bb2 44. Rf8 $15) 43. Rh4 Kc6 44. Rh7 (44. Rh8 $17 {is a better defense.}) 44... a5 (44... Ba5 $19 {Hoping for ...Rb7.} 45. Rh8 Rb7 46. Rc8+ Bc7) 45. Rh8 $1 Rd8 46. Rh4 ({Only move:} 46. Rh7 $15) 46... Rb8 $19 47. Kc3 Rb4 {[%emt 0:00:09] And now ...Rxh4 would win.} 48. Rh7 Rf4 49. Rh1 Rg4 50. Rh7 Kd5 51. Rxf7 Bxe5+ 52. Nxe5 Kxe5 {[%emt 0:00:03] KR-KR} 53. Ra7 Rxg5 54. Kc4 $2 (54. Rxa5 Kd6 55. Ra2) 54... Kf4 55. Rxa5 Rxg2 {[%emt 0:00:09] Strongly threatening ...g5.} 56. Kb5 (56. Ra1 $142 g5 57. Rf1+ Ke3 58. Kxc5) 56... Rg5 {[%emt 0:00:10][%cal Oc5c4] ( -> ...c4+!)} 57. Kc6 Rd5 58. Ra4+ Kf3 59. Rh4 g5 60. Rh6 Re5 {[%emt 0:00:06] White must now prevent ...g4.} 61. Kd6 Re3 62. Kxc5 Rxb3 $2 (62... g4 $19 63. Kd6 g3 64. Rf6+ Ke2) 63. Rh3+ $11 {[%emt 0:00:01][%mdl 64] Skewer. The position is equal.} Kf2 64. Rxb3 {[%emt 0:00:03] KR-KPP} g4 65. Kd4 {[%emt 0:00:30] Ke4 would kill now.} g3 66. Rb2+ Kf3 67. Rb3+ Kf2 68. Ke4 {[%emt 0:00:08] White wants to mate with Rb2+.} g2 69. Rb2+ Kg3 $1 70. Rb3+ Kf2 71. Rf3+ Ke2 72. Rg3 Kf2 73. Rg6 {[%emt 0:00:04] Black had all chances to win.  Weighted Error Value: White=0.43/Black=0.24 (precise)} 1/2-1/2

[Event "Slovakia Open 2022"]
[Site "Bratislava"]
[Date "2022.10.02"]
[Round "9.12"]
[White "Nestorenko, Dmitry"]
[Black "Pasti, Zsombor"]
[Result "1-0"]
[ECO "C44"]
[WhiteElo "2168"]
[BlackElo "1884"]
[Annotator "TA"]
[PlyCount "77"]
[EventDate "2022.09.30"]
[EventCountry "SVK"]
[SourceTitle "playchess.com"]
[Source "ChessBase"]
[SourceQuality "1"]
[TimeControl "2700+10"]

1. e4 e5 2. Nf3 Nc6 3. c3 Nf6 4. d4 exd4 5. e5 Nd5 6. cxd4 d6 7. Bb5 Bd7 {[%emt 0:00:46] C44: Ponziani Opening and Scotch Gambit.} 8. Qe2 {[%emt 0:00:12] Black should prevent Bc4.} dxe5 {[%emt 0:00:30] Strongly threatening ...Bb4+.} 9. Bxc6 (9. O-O $142 $1) 9... Bxc6 {[%emt 0:00:23] Black has an edge.} 10. Nxe5 Bb4+ 11. Bd2 {[%emt 0:00:01] [#]} Bxd2+ $146 ({Predecessor:} 11... O-O 12. Nxc6 bxc6 13. O-O Re8 14. Qc4 Bxd2 15. Nxd2 Nf4 16. Nf3 Qd5 17. Qxd5 cxd5 {½-½ (55) Panainte,A (1718)-Nistor,V (1676) Calimanesti Caciulata 2016}) 12. Nxd2 O-O 13. Nxc6 bxc6 14. O-O Re8 15. Qf3 Nf6 16. Nb3 Qd5 (16... a5 {is interesting.} 17. Qxc6 a4 18. Nd2 Qxd4 19. Nc4 Qd5) 17. Qxd5 (17. Rfc1 {feels hotter.} Re4 18. Re1 a5 19. Rxe4 Nxe4 20. Re1) 17... cxd5 18. Rac1 Rac8 (18... Re2 $11) 19. Rc2 $14 Re7 20. f3 Kf8 (20... Nh5 $14) 21. Rfc1 Ke8 (21... Nh5 $142) 22. Na5 $16 a6 23. Kf2 Kf8 24. Rc6 Rce8 {[%emt 0:01:24] [#]} 25. R1c2 {[%emt 0:00:33] Against Re2+} (25. Rxa6 Re2+ 26. Kf1 Rxb2 $11) 25... Nh5 {[%emt 0:00:42] [#]} 26. g3 {[%emt 0:00:51] Inhibits Nf4.} (26. Rxc7 $6 Rxc7 27. Rxc7 Nf4 $16) 26... Rb8 (26... g6 $142 27. Rxc7 (27. Rxa6 Re1 $16) 27... Ng7 28. Rxe7 Rxe7) 27. Nb3 (27. Rxa6 $18 {Nc6 is the strong threat.} Re6 28. Ra7) 27... a5 {[%emt 0:00:46] Loses the game.} (27... g5 $16 {is a better defense.} 28. Nc5 (28. Rxa6 Ng7 $16) (28. Rxc7 Rxc7 29. Rxc7 Rb4 $16) 28... Rb4) 28. Nxa5 $18 ({Not} 28. Rxc7 Rxc7 29. Rxc7 a4 $11) 28... Ra8 29. b4 Ra7 30. R6c5 {[%emt 0:01:09] Hoping for Nc6.} Rd7 31. Nc6 {[%emt 0:00:08] White is clearly winning.} Ra8 32. Ne5 Re7 33. Rxd5 Nf6 34. Ra5 Rxa5 (34... Rc8 $142 35. a4 Re6) 35. bxa5 Nd5 36. a6 {[%emt 0:01:53] aiming for a7.} f6 37. a7 Re8 38. Nd7+ Kf7 39. Nb8 {[%emt 0:00:12] Weighted Error Value: White=0.17 (very precise) /Black=0.41} 1-0

[Event "Slovakia Open 2022"]
[Site "Bratislava"]
[Date "2022.10.02"]
[Round "9.13"]
[White "Krajnak, Robert"]
[Black "Rakhmangulova, Anastasiya"]
[Result "1/2-1/2"]
[ECO "A26"]
[WhiteElo "1931"]
[BlackElo "2244"]
[Annotator "TA"]
[PlyCount "63"]
[EventDate "2022.09.30"]
[EventCountry "SVK"]
[SourceTitle "playchess.com"]
[Source "ChessBase"]
[SourceQuality "1"]
[TimeControl "2700+10"]

1. c4 g6 2. Nc3 Bg7 3. g3 Nf6 4. Bg2 d6 5. Nf3 O-O 6. O-O a6 7. d3 Nc6 8. Rb1 e5 9. b4 Ne7 {[%emt 0:00:04] A26: English Opening vs King's Indian with ...Nc6 and d3.} 10. Bd2 {[%emt 0:02:27] [#]} Nd7 $146 ({Predecessor:} 10... h6 11. a4 Nd7 12. b5 axb5 13. axb5 f5 14. Qb3 Kh7 15. Rfc1 f4 16. Na4 g5 {0-1 (42) Gross,M (1713)-Both,G Berlin 2003}) 11. Qc2 f5 {[%emt 0:00:57] White is slightly better.} 12. Rfc1 c6 13. Be1 h6 14. Nd2 g5 15. a4 Nf6 16. b5 Qe8 17. bxc6 bxc6 18. Rb6 f4 ({Black should try} 18... g4 $14) 19. Nde4 $16 {[%emt 0:01:52] White is more active.} Qh5 {[%emt 0:01:42] [#]} ({Better is} 19... Qd7) 20. Nxf6+ $1 ({Not} 20. Nxd6 fxg3 21. hxg3 Ng4 $17) 20... Bxf6 21. Ne4 Bg4 {[%emt 0:01:48] Loses the game.} (21... Bh3 $16) 22. Rb7 $18 ({Weaker is} 22. Nxd6 Bxe2 23. Bb4 f3 $16) 22... Bxe2 $2 (22... Qg6 {was necessary.} 23. Nxd6 Bg7) 23. Nxf6+ Rxf6 24. Rxe7 {[%emt 0:00:07] d4 is the strong threat.} f3 25. Bh1 Rf4 $2 {[%emt 0:00:02] [#]} (25... Re8) 26. d4 $1 {[%emt 0:00:36] Intending Qh7+ and mate.} Rf7 {[%emt 0:04:08] Against Qh7+} 27. Rxf7 Qxf7 28. dxe5 dxe5 29. Bc3 Qf6 30. Bxe5 h5 $2 (30... Qxe5 $18 31. Qg6+ Qg7 32. Qxc6 Rf8 33. Qxa6 Qf6) 31. c5 g4 (31... Qxe5 $18 32. Qg6+ Kf8 33. Qxc6 Re8 34. Bxf3 Qe6 35. Qxe6 Rxe6) 32. Bc7 {[%emt 0:00:39][%mdl 32768] Weighted Error Value: White=0.46/Black=1.17. An unexpected result.} (32. Bxf6 $142 Kf7 33. Bd4 Rf8 34. Qf5+ Ke7 35. Qe5+ Kd8 36. Rb1 Bb5 37. axb5) 1/2-1/2

[Event "Slovakia Open 2022"]
[Site "Bratislava"]
[Date "2022.10.02"]
[Round "9.14"]
[White "Lecky, Juraj"]
[Black "Mandak, Miroslav"]
[Result "1-0"]
[ECO "A45"]
[WhiteElo "2070"]
[BlackElo "1864"]
[Annotator "TA"]
[PlyCount "79"]
[EventDate "2022.09.30"]
[EventCountry "SVK"]
[SourceTitle "playchess.com"]
[Source "ChessBase"]
[SourceQuality "1"]
[TimeControl "2700+10"]

1. d4 Nf6 2. Bg5 Ne4 3. h4 h6 4. Bf4 d5 5. Nd2 Bf5 6. Nxe4 {[%emt 0:00:02] A45: Trompowsky Attack.} Bxe4 7. f3 Bg6 8. e3 {[%emt 0:00:16] The position is equal.} e6 9. Bd3 Bxd3 10. Qxd3 Bd6 11. Ne2 c6 12. O-O-O {[%emt 0:01:05] [#]} Qc7 $146 ({Predecessor:} 12... Bxf4 13. Nxf4 Qd6 14. Nh5 Rg8 15. e4 Nd7 16. e5 Qe7 17. Kb1 O-O-O 18. g4 g6 {1-0 (44) Konenkin,D (2247)-Kolyuzhnov,V (1854) Kolomna 2015}) 13. Kb1 Nd7 14. Bxd6 Qxd6 15. e4 O-O-O 16. e5 Qe7 17. h5 Kb8 18. g4 Rc8 19. f4 c5 20. c3 c4 (20... cxd4 $14 21. cxd4 (21. Nxd4 Nc5 $11) 21... Rc6) 21. Qg3 $16 Ka8 22. f5 Rc6 23. Rhf1 b5 24. Nf4 {[%emt 0:00:57] [#] And now fxe6 would win.} Rb8 25. a3 {[%emt 0:06:36] Against b4. Hoping for fxe6.} a5 26. fxe6 fxe6 27. Ng6 Qe8 28. Kc2 {[%emt 0:00:34] aiming for Qf4.} Ra6 29. Ra1 Ra7 30. Rf3 {[%emt 0:01:59] White has more active pieces.} (30. Kd2 $16) 30... Rbb7 $14 31. Raf1 (31. Qf4 $14) 31... Rb8 (31... Nb8 $1 $11) 32. Ra1 ({White should play} 32. Rf7 $14) 32... Rab7 (32... Rbb7 $1 $11) 33. Qf2 $16 Ra7 34. Rf7 $36 {[%emt 0:00:09][%mdl 2048] Black is under strong pressure.} Rab7 $2 (34... Qg8 {is a better chance.} 35. Qf3 Re8) 35. Re7 $18 Qd8 36. Rxe6 Rb6 {[%emt 0:00:27] [#]} 37. Qf3 $1 Nf8 (37... Rxe6 38. Qxd5+) 38. Nxf8 Rxe6 39. Nxe6 Rc8 40. Nxd8 {[%emt 0:00:02] Weighted Error Value: White=0.13 (very precise) /Black=0.54} 1-0

[Event "Slovakia Open 2022"]
[Site "Bratislava"]
[Date "2022.10.02"]
[Round "9.15"]
[White "Balint, Peter"]
[Black "Chlpek, Daniel"]
[Result "1/2-1/2"]
[ECO "C84"]
[WhiteElo "2235"]
[BlackElo "2020"]
[Annotator "TA"]
[PlyCount "60"]
[EventDate "2022.09.30"]
[EventCountry "SVK"]
[SourceTitle "playchess.com"]
[Source "ChessBase"]
[SourceQuality "1"]
[TimeControl "2700+10"]

1. e4 e5 2. Nf3 Nc6 3. Bb5 a6 4. Ba4 Nf6 5. O-O Nxe4 6. d4 Be7 7. dxe5 {[%emt 0:01:56] C84: Closed Ruy Lopez: Unusual White 6th moves.} (7. Re1 $14 f5 8. dxe5 (8. Bxc6 dxc6 9. Nxe5 O-O $14)) 7... Nc5 $11 8. Bb3 Nxb3 9. axb3 {[%emt 0:00:01] Black has an edge.} O-O 10. Nc3 d6 {[%emt 0:00:14] [#]} 11. exd6 $146 ({Predecessor:} 11. Bf4 dxe5 12. Nxe5 Nxe5 13. Bxe5 c6 14. Re1 Qxd1 15. Raxd1 Be6 16. Bd6 Bxd6 17. Rxd6 {0-1 (61) Neumann,J (2220)-Sydor,A (2335) Lyngby 1988}) 11... Qxd6 12. Qxd6 Bxd6 13. Ne4 Be7 14. Bf4 Bf5 15. Rfe1 Rac8 16. c3 h6 17. Ng3 Be6 18. b4 Rfd8 19. Rad1 Rxd1 20. Rxd1 Rd8 21. Re1 Rd7 22. h4 Bg4 23. h5 Kf8 24. Nd2 Be6 25. Ra1 f6 26. f3 Kf7 (26... f5 $15) 27. Kf2 (27. Nde4 $11 {keeps the balance.}) 27... Rd5 (27... Ne5 $17 {aiming for ...Nd3+.} 28. Bxe5 Rxd2+ 29. Ke3 Rxg2 30. Bxc7 Rxb2) 28. Ke2 Ne5 29. Rb1 c6 30. Nge4 Bf5 {[%emt 0:01:55] Weighted Error Value: White=0.24 (precise) /Black=0.18 (very precise)} ({Better is} 30... Nd3 $15 31. Be3 f5) 1/2-1/2

[Event "Slovakia Open 2022"]
[Site "Bratislava"]
[Date "2022.10.02"]
[Round "9.16"]
[White "Meszaros, Casey Ryan"]
[Black "Panko, Radoslav"]
[Result "1-0"]
[ECO "C14"]
[WhiteElo "1925"]
[BlackElo "1996"]
[Annotator "TA"]
[PlyCount "83"]
[EventDate "2022.09.30"]
[EventCountry "SVK"]
[SourceTitle "playchess.com"]
[Source "ChessBase"]
[SourceQuality "1"]
[TimeControl "2700+10"]

1. d4 e6 2. e4 d5 3. Nc3 Nf6 4. Bg5 Be7 5. e5 Nfd7 6. h4 O-O 7. Nf3 {[%emt 0:00:14] C14: French: Classical System: 4 Bg5 Be7 main line.} (7. Qg4 $5 Kh8 8. Qh5 $11) 7... c5 {[%emt 0:00:13] [#]} 8. Qd3 $146 (8. dxc5 $11 Nc6 9. Qe2) ({Predecessor:} 8. dxc5 Nc6 9. Bd3 Ndxe5 10. Nxe5 Nxe5 11. Bxh7+ Kxh7 12. Bxe7 Qxe7 13. Qh5+ Kg8 14. Qxe5 Qxc5 {0-1 (45) Hauge,L (2513)-Johannsson,O (2236) Reykjavik 2022}) 8... cxd4 (8... Nc6 $17 9. Bxe7 Qxe7 10. dxc5 (10. Ng5 g6 $17) 10... Ndxe5 11. Nxe5 Nxe5) 9. Bxe7 {[%emt 0:00:24] Black is slightly better.} Qxe7 10. Qxd4 (10. Ng5 f5 11. Qxd4 Nc6 $17) 10... Nc6 11. Qe3 a6 12. Bd3 b5 13. Qe2 (13. h5 $11 {remains equal.}) 13... Rd8 (13... Qb4 $17 14. O-O-O Qf4+ 15. Kb1 Ndxe5 16. Nxe5 Nxe5) 14. Rh3 Qb4 (14... Bb7 $17 {And now ...d4 would win.} 15. a3 b4) 15. Ng5 {[%emt 0:04:39] [#]} (15. Kf1 $15) 15... Nf8 (15... Qxb2 $2 16. Bxh7+ Kf8 17. Rb1 $18) (15... h6 $142 $1 16. Bh7+ Kf8) 16. Qh5 (16. Kf1 $17 {is a better defense.}) 16... g6 $19 (16... Nxe5 17. Bxh7+ Nxh7 18. Qxh7+ Kf8 19. Qh8+ Ke7 20. Qxg7 $16) 17. Qf3 Nxe5 18. Qf6 Qd6 $2 (18... Nxd3+ $17 {stays on course.} 19. cxd3 Rd7) 19. h5 $18 {[%emt 0:01:31] Chess con chili.} (19. f4 Nxd3+ 20. Rxd3 Rd7 $17) 19... gxh5 20. Bxh7+ Nxh7 $16 21. Nxh7 Ng6 22. Rxh5 $40 {[%emt 0:01:23][%mdl 128] Black is in trouble.} e5 $2 {[%emt 0:01:00][%mdl 8192] [#]} (22... Bb7 $16) 23. O-O-O $2 (23. Qg5 $1 $18 Bb7 24. Qh6 (24. Nf6+ Kf8 $18)) 23... Qxf6 24. Nxf6+ Kg7 25. Ncxd5 {[%emt 0:00:27] Rh7+ is the strong threat. White has more active pieces.} Rxd5 26. Nxd5 ({Not} 26. Rxd5 Be6 $15) 26... Bg4 27. Rh7+ Kxh7 28. Nf6+ Kg7 (28... Kh6 $16 29. Nxg4+ Kg5) 29. Nxg4 $18 {[%emt 0:00:00][%mdl 4096] Endgame KRN-KRN} Re8 30. Rd6 Re6 $2 (30... Ra8 {was worth a try.} 31. c3 f5) 31. Rxe6 fxe6 {[%emt 0:00:01] KN-KN} 32. Kd2 Kf7 33. Ke3 Ke7 34. Ke4 Kd6 35. g3 {[%emt 0:00:06] Prevents Nf4.} a5 36. Nh6 Ke7 37. Ng4 Kd6 38. Ne3 Ne7 39. a4 bxa4 40. Nc4+ Kc5 41. Nxa5 Nc6 42. Nxc6 {[%emt 0:00:05] Weighted Error Value: White=0.48/Black=0.81} 1-0

[Event "Slovakia Open 2022"]
[Site "Bratislava"]
[Date "2022.10.02"]
[Round "9.18"]
[White "Vadila, Ondrej"]
[Black "Babula, Matej"]
[Result "1/2-1/2"]
[ECO "D02"]
[WhiteElo "2178"]
[BlackElo "1864"]
[Annotator "TA"]
[PlyCount "161"]
[EventDate "2022.09.30"]
[EventCountry "SVK"]
[SourceTitle "playchess.com"]
[Source "ChessBase"]
[SourceQuality "1"]
[TimeControl "2700+10"]

1. d4 Nf6 2. Bf4 e6 3. e3 b6 4. Nd2 Bb7 5. Ngf3 d5 6. Bd3 Bd6 $1 {[%emt 0:00:27] 6...Bd6 is better than 6...Nbd7. D02: 1 d4 d5 2 Nf3 sidelines, including 2...Nf6 3 g3 and 2...Nf6 3 Bf4.} 7. Ne5 Nbd7 8. Qf3 Qe7 {[%emt 0:02:13] [#]} 9. h4 $146 ({Predecessor:} 9. O-O h6 10. Ndc4 Ne4 11. Nxd6+ cxd6 12. Nxd7 Qxd7 13. Qe2 Qe7 14. Bb5+ Kf8 15. f3 {1-0 (35) Mamedov,R (2678)-Akobian,V (2625) Atlantic City 2016}) 9... c5 (9... Bxe5 $11 10. dxe5 Ne4) 10. c3 h5 11. Qg3 {[%emt 0:00:11] White is much more active. The black rooks are badly placed.} Bxe5 (11... Ng4 $142) 12. dxe5 $16 Ne4 13. Bxe4 (13. Qxg7 $6 O-O-O 14. Nxe4 dxe4 $14) 13... dxe4 14. Qxg7 O-O-O (14... Qf8 {was necessary.} 15. Qxf8+ Rxf8) 15. Bg5 (15. Nc4 $1 $18) 15... Qf8 16. Qxf8 Rdxf8 17. Nc4 (17. O-O $16) 17... Ba6 (17... Kc7 $14) 18. Nd6+ Kc7 19. Be7 $36 {[%emt 0:01:28][%mdl 2048] White has strong initiative.} Rfg8 (19... Bd3 $16) 20. Nxf7 $18 Rh7 21. Bd6+ Kc6 22. Ng5 Rh6 23. f3 (23. Nxe4 Rxg2 24. Rd1 Rg4 $18) 23... Bd3 24. b3 b5 (24... c4 {was called for.} 25. fxe4 Nf8 26. bxc4 Bxc4) 25. Kf2 {[%emt 0:01:15] Threatens to win with a4.} (25. fxe4 c4 26. O-O-O Rhg6 $18) 25... c4 26. Nh3 ({Don't take} 26. Nxe4 $6 Bxe4 27. fxe4 Nf6 $16) 26... Nb6 27. Rac1 Nd5 (27... Nc8 {was worth a try.} 28. Bb4 Nb6) 28. Ng5 Kd7 29. Rhg1 ({But not} 29. Nxe4 $6 Bxe4 30. fxe4 Nb6 $18) 29... Rc8 30. b4 Rc6 31. Nxe4 Bxe4 32. fxe4 Nb6 (32... Nf6 33. Kf3 (33. exf6 Kxd6 34. Ke2 Rxf6 $18) 33... Ng4) 33. g4 {[%emt 0:00:39] And now gxh5 would win.} hxg4 34. Rxg4 {[%emt 0:00:02] Black must now prevent Rg7+.} Rc8 35. Rg7+ Kc6 36. Rd1 Rxh4 37. Bc5 Rc7 38. Rd6+ Kb7 39. Rxc7+ Kxc7 40. Bxb6+ axb6 41. Rxe6 {[%emt 0:00:02][%mdl 4096] Endgame KR-KR} Rh2+ 42. Kf3 Rc2 43. Rd6 Rxc3 44. Rd5 Rc1 45. e6 Rf1+ {[%emt 0:00:53] [#]} 46. Ke2 $1 Rf6 47. Re5 {[%emt 0:01:00] Threatening mate with e7.} Kd8 48. Rxb5 Rxe6 49. Rd5+ Ke7 50. Rd4 $2 (50. Kd2 $18 {has better winning chances.}) 50... b5 $16 51. Rd5 Ra6 52. Rxb5 Rxa2+ 53. Kf3 c3 54. Kf4 (54. Rc5 $16) 54... Rb2 (54... Ke6 $1 $11) 55. Rc5 (55. Ke5 {with more complications.} c2 56. Rc5 Rxb4 57. Rc7+) 55... Rxb4 56. Rxc3 Rb6 57. e5 {[%emt 0:00:02] Prevents Rf6+.} Ra6 58. Kf5 Rb6 59. Rc7+ Ke8 60. e4 (60. e6 $16 {White threatens Kf6 and mate.} Rb2 61. Kf4) 60... Ra6 {[%emt 0:00:07] [#]} (60... Rh6 $1 $11 {keeps the balance.}) 61. Rg7 (61. Rh7 $1 $16) 61... Rb6 (61... Rh6 $1 $11 {remains equal.}) 62. Rg6 Rb1 63. Ra6 (63. Kf6 $16 {Intending Rg8+ and mate.} Kf8 64. Rh6 Rf1+ 65. Ke6) 63... Rh1 $1 $11 64. Ra8+ (64. Ra7 $14) 64... Ke7 ({Black should try} 64... Kf7 $16) 65. Ra7+ (65. Rb8 $11) 65... Ke8 $16 66. Ke6 Rh6+ 67. Kd5 Rg6 68. e6 ({White should play} 68. Ra8+ $16 Ke7 69. Ra5) 68... Rg1 $11 69. Ke5 Rh1 70. Rf7 (70. e7 {looks sharper.} Rb1 71. Ke6 Rb6+ 72. Kd5) 70... Ra1 71. Rf5 Ke7 72. Rf7+ Ke8 73. Rd7 Rh1 74. Kf6 Rf1+ 75. Kg5 Rg1+ 76. Kf5 Rf1+ 77. Ke5 Rh1 78. Kd6 (78. Rb7 $14) 78... Rd1+ {[%emt 0:00:02] The position is equal.} 79. Kc7 Rc1+ 80. Kb8 Rc6 81. Rd5 {[%emt 0:00:06] Black defended with fortune.  Weighted Error Value: White=0.28 (precise) /Black=0.46} 1/2-1/2

[Event "Slovakia Open 2022"]
[Site "Bratislava"]
[Date "2022.10.02"]
[Round "9.19"]
[White "Rosol, Alexander"]
[Black "Migalko, Dmitriy"]
[Result "1-0"]
[ECO "C00"]
[WhiteElo "2041"]
[BlackElo "1528"]
[Annotator "TA"]
[PlyCount "83"]
[EventDate "2022.09.30"]
[EventCountry "SVK"]
[SourceTitle "playchess.com"]
[Source "ChessBase"]
[SourceQuality "1"]
[TimeControl "2700+10"]

1. e4 c5 2. b4 cxb4 3. a3 e6 4. d4 d5 5. e5 Nc6 6. Nf3 Nh6 {[%emt 0:00:13] C00: French: Unusual White 2nd moves.} 7. Bxh6 gxh6 8. axb4 Bxb4+ {[%emt 0:00:07] The position is equal.} 9. c3 Be7 10. Bd3 {[%emt 0:00:17] [#]} O-O $146 ({Predecessor:} 10... f5 11. Qd2 Bg5 12. Qb2 Rg8 13. c4 Be7 14. O-O Nb4 15. Be2 dxc4 16. Bxc4 b5 17. Bxb5+ {0-1 (30) Gaehler,M (2376)-Pelletier,Y (2559) Switzerland 2019}) 11. Bc2 {[%emt 0:00:39] And now Qd3 would win.} f5 12. exf6 Bxf6 13. Qd3 Rf7 14. O-O e5 15. dxe5 Nxe5 16. Nxe5 Bxe5 {[%emt 0:00:02] This bishop pair is nice.} 17. Bb3 Be6 ({But not} 17... Qh4 18. g3 Qf6 19. Qxd5 $16) ({Black should play} 17... Kg7 $15) 18. Nd2 (18. Na3 $142) 18... Qc7 (18... Qf6 $11) 19. Nf3 (19. Rae1 $1 $16) 19... Qxc3 $14 (19... Bxc3 $2 20. Rac1 $18) 20. Nxe5 Qxe5 21. Rae1 Qd6 22. Qe3 {[%emt 0:01:00][%mdl 1024] White has compensation.} (22. Qd4 $5 ) 22... Bd7 23. Qd3 {[%emt 0:01:50] [#] Against Bb5} (23. Qd4 $11 {keeps the balance.} Bc6 24. Re5) 23... Bc6 $1 $17 24. Re4 {[%emt 0:00:17] [#]} Qd7 (24... Kh8 $1 $17 {...Qg6 is the strong threat.} 25. Qd1 Qf6) 25. Re5 $11 a5 26. Bxd5 Bxd5 27. Rxd5 Qc7 28. Qd2 a4 29. Qxh6 a3 30. Rfd1 Raf8 31. Qe6 Kh8 32. R5d2 Qc5 33. Kh1 $2 (33. Qa2 $11 {and White is okay.}) 33... Rxf2 $19 {[%emt 0:00:36] ( -> ...Rf1+)} 34. Rd8 Qf5 (34... Qg5 $17 35. Rxf8+ Rxf8) 35. Qc4 Rxd8 $4 (35... Qf6 $11 36. Rxf8+ Qxf8) 36. Rxd8+ $11 {[%emt 0:00:06][%mdl 4096] Endgame KQR-KQR} Kg7 37. Rg8+ Kh6 38. Qh4+ {[%emt 0:00:16] White mates.} Qh5 39. Qxf2 Qd1+ 40. Qg1 Qxg1+ 41. Kxg1 b5 42. Rb8 {[%emt 0:00:13] Weighted Error Value: White=0.24 (precise) /Black=0.49} 1-0

[Event "Slovakia Open 2022"]
[Site "Bratislava"]
[Date "2022.10.02"]
[Round "9.24"]
[White "Bombek, Peter"]
[Black "Matejka, Simon"]
[Result "1-0"]
[ECO "D60"]
[WhiteElo "2083"]
[BlackElo "1422"]
[Annotator "TA"]
[PlyCount "105"]
[EventDate "2022.09.30"]
[EventCountry "SVK"]
[SourceTitle "playchess.com"]
[Source "ChessBase"]
[SourceQuality "1"]
[TimeControl "2700+10"]

1. d4 d5 2. Nf3 Nf6 3. c4 e6 4. Nc3 c6 5. Bg5 Be7 6. e3 O-O 7. Be2 Nbd7 8. O-O Re8 {[%emt 0:01:18] D60: Queen's Gambit Declined: Classical: Unusual White 7th moves.} 9. Qc2 b6 10. cxd5 exd5 {[%emt 0:00:26] The position is equal.} 11. a3 {[%emt 0:01:09] [#]} a5 $146 ({Predecessor:} 11... Bb7 12. Rac1 Bd6 13. Bd3 h6 14. Bh4 a6 15. e4 dxe4 16. Nxe4 Bc7 17. Bg3 Rc8 {1-0 (29) Bulbul,E-Degirmenci,Y (1722) Antalya 2013}) 12. h3 Ba6 13. Bxa6 Rxa6 14. Rac1 Ra8 15. Bf4 Rc8 16. Rfe1 Nf8 17. Ne5 Ng6 18. Nxg6 fxg6 19. Na4 Ne4 20. Qd3 Bd6 {[%emt 0:04:08] White now steadily converts the win.} (20... b5 $14 21. Nc3 Nd6) 21. Bxd6 $16 Nxd6 22. Qa6 {[%emt 0:01:47] White is more active.} Nc4 {[%emt 0:01:10] [#]} (22... b5 $16) 23. b3 $1 $18 Nxa3 24. Nxb6 Rb8 25. Rxc6 Nc2 26. Rxc2 Qxb6 27. Qxb6 Rxb6 {[%emt 0:00:07][%mdl 4096] Endgame KRR-KRR} 28. Rc5 Rd8 29. Ra1 ({Weaker is} 29. Rxa5 Rxb3 30. Ra7 Rbb8 $18) 29... Rxb3 30. Raxa5 Rf8 31. Rab5 ({Don't do} 31. Rxd5 Rb1+ 32. Kh2 Rxf2 $18) 31... Rxb5 32. Rxb5 {[%emt 0:00:03] KR-KR} Rd8 33. Rb7 h5 $2 (33... g5 34. Kf1 h6) 34. h4 Rd6 35. Kh2 Kh7 36. Re7 Kh6 37. Re5 Kh7 38. Kg3 Rd7 39. Kf3 Kg8 40. Ke2 Kf7 41. g3 Kf6 42. Kd3 Kf7 43. f3 Kg8 44. e4 dxe4+ 45. fxe4 Rf7 (45... Ra7 $142 46. Ke3 Rd7) 46. Ke3 {[%emt 0:00:32] [#] Threatens to win with Re8+.} Rf1 47. Re7 {[%emt 0:02:05] d5 is the strong threat.} Ra1 48. d5 Ra3+ 49. Kf4 {[%emt 0:00:04] Intending d6 and mate.} Kf8 50. Rc7 (50. d6 $142 Rd3 51. Ke5 Re3 52. Rc7 Ke8 53. Rxg7 Kd8 54. Rxg6 Kd7 55. Rg7+ Kd8 56. Kd5) 50... Ra4 51. d6 {[%emt 0:00:47] Threatening mate with Rc8+.} Ra6 52. Rc8+ Kf7 53. d7 {[%emt 0:00:07] Weighted Error Value: White=0.09 (flawless) /Black=0.66} 1-0